 Dungeon Crawl Stone Soup version 0.29.1-1-gd02db6906a (webtiles) character file.

Game seed: 3261976376311214885

16650 EvilAshe the Severer (level 12, -6/112 HPs)
             Began as a Yellow Draconian Berserker on Oct 2, 2022.
             Was an Elder of Trog.
             Mangled by a vault guard
             ... wielding a +2 battleaxe
              (20 damage)
             ... on level 12 of the Dungeon.
             The game lasted 00:35:13 (14581 turns).

EvilAshe the Severer (Yellow Draconian Berserker)  Turns: 14581, Time: 00:35:14

Health: -6/112     AC: 12    Str: 30    XL:     12   Next: 11%
Magic:  12/12      EV: 14    Int:  8    God:    Trog [****..]
Gold:   647        SH:  0    Dex: 11    Spells: 11/11 levels left

rFire   . . .      SeeInvis .   a - +0 battleaxe
rCold   . . .      Faith    .   (shield currently unavailable)
rNeg    . . .      Spirit   .   (body armour unavailable)
rPois   +          Reflect  .   (helmet restricted)
rElec   .          Harm     .   v - +0 cloak
rCorr   +          Rampage  .   y - +1 pair of gloves
Will    ++...                   K - +0 pair of boots
Stlth   +.........              z - amulet of regeneration
HPRegen 2.08/turn               I - ring of poison resistance
MPRegen 0.13/turn               g - +6 ring of strength

@: short of breath, strong-willed, on berserk cooldown, regenerating, slowed,
studying Axes, very slow
A: spit acid, AC +8, unfitting armour, cold-blooded, acid resistance
a: Breathe Acid, Renounce Religion, Berserk, Trog's Hand, Brothers in Arms


You were on level 12 of the Dungeon.
You worshipped Trog.
Trog was greatly pleased with you.
You visited 1 branch of the dungeon, and saw 13 of its levels.
You also visited: Ossuary.

You collected 647 gold pieces.

Inventory:

Hand Weapons
 a - a +0 battleaxe (weapon)
 b - a +2 vorpal sling
 s - a +0 dire flail
 F - a +1 war axe
Missiles
 e - 34 poisoned darts (quivered)
 o - 4 datura-tipped darts
 G - 3 throwing nets
Armour
 v - a +0 cloak (worn)
 y - a +1 pair of gloves (worn)
 K - a +0 pair of boots (worn)
Jewellery
 g - a +6 ring of strength (right hand)
 q - an amulet of reflection
 z - an amulet of regeneration (around neck)
 I - a ring of poison resistance (left hand)
Wands
 w - a wand of flame (18)
 D - a wand of quicksilver (6)
 M - a wand of digging (4)
Scrolls
 c - 4 scrolls of magic mapping
 f - 6 scrolls of teleportation
 m - 2 scrolls of identify
 u - 3 scrolls of vulnerability
 x - a scroll of acquirement
 J - 3 scrolls of enchant armour
Potions
 d - a potion of magic
 h - 11 potions of curing
 i - 5 potions of flight
 j - a potion of heal wounds {unknown}
 k - 3 potions of might
 l - a potion of cancellation {unknown}
 n - 5 potions of mutation {unknown}
 p - a potion of ambrosia {unknown}
 r - 3 potions of attraction
 t - a potion of resistance {unknown}
 A - a potion of berserk rage {unknown}
 E - a potion of lignification {unknown}
 H - 2 potions of haste {unknown}
Miscellaneous
 L - a box of beasts (inert)


   Skills:
 + Level 12.1 Fighting
 * Level 16.4 Axes
 + Level 7.7 Dodging


You had 11 spell levels left.
You didn't know any spells.
Your spell library was empty.

Dungeon Overview and Level Annotations

Branches:
Dungeon (13/15)            Temple (0/1) D:5            Lair (0/5) D:11
    Orc (0/2) D:11         Vaults (0/5) D:13        Ossuary (visited)

Altars:
Ru
Trog
Vehumet
Wu Jian

Shops:
D:8 (

Portals:
Trove: D:12 (give +2 storm dragon scales)

Annotations:
D:9 4 runed translucent doors


Innate Abilities, Weirdness & Mutations

You can spit globs of acid.
Your golden yellow scales are hard. (AC +8)
You cannot fit into any form of body armour.
You are cold-blooded and may be slowed by cold attacks.
You are resistant to acid. (rCorr)


Message History

The vault guard hits your larval stingshock beast with a +2 battleaxe!!
Your larval stingshock beast dies!
Your larval stingshock beast's corpse disappears in a puff of smoke!
Press: ? - help, Shift-Dir - straight line, f/p - vault guard
Aim: a vault guard, wielding a +2 battleaxe and wearing a +0 chain mail (64% to hit)
You spit a glob of acid.
The glob of acid misses the vault guard.
The vault guard hits you with a +2 battleaxe.
You're still recovering from your berserk rage.
You hit the vault guard but do no damage.
You tail-slap the vault guard.
The vault guard is lightly wounded.
The vault guard barely misses you.
You hit the vault guard.
You tail-slap the vault guard, but do no damage.
The vault guard is lightly wounded.
The vault guard misses you.
You slash the vault guard!
Your tail-slap misses the vault guard.
The vault guard is moderately wounded.
The vault guard hits you with a +2 battleaxe!
You completely miss the vault guard. You tail-slap the vault guard.
The vault guard is moderately wounded.
The vault guard hits you with a +2 battleaxe!
The vault guard hits you with a +2 battleaxe!!
* * * LOW HITPOINT WARNING * * *
Aiming: Quicksilver Bolt
Press: ? - help, Shift-Dir - straight line, f/p - vault guard
Aim: a vault guard, wielding a +2 battleaxe and wearing a +0 chain mail (moderately wounded, 68% to hit)
The bolt of dispelling energy hits the vault guard!
The vault guard is heavily wounded.
The vault guard hits you with a +2 battleaxe!
* * * LOW HITPOINT WARNING * * *
Okay, then.
Aiming: Quicksilver Bolt
Press: ? - help, Shift-Dir - straight line, f/p - vault guard
Aim: a vault guard, wielding a +2 battleaxe and wearing a +0 chain mail (heavily wounded, 68% to hit)
The bolt of dispelling energy hits the vault guard!
The vault guard is severely wounded.
The vault guard hits you with a +2 battleaxe!!
You die...

.....##[##.#........#.# #...#
#.##.......#........#.# #...#
#.##.##...............#######....
#..............#.......#.........
#.)..##........#.#...............
#.#####.......##.##.##.#.........
#.# #.......##....##.######...#
#.# #.......##..####.# #.... #.#
##########@p####.# #...# #.# ###
#.>...))## #...# #.######.##
##.###)#.#####...# #.........#
#.##.###...###.## ########.##
#...## ##......# ##########
##..## ######### #...##.####
##..## #...### .##.##.)#.#
#####..# ###.##. ♣##....#..#
##.#...########.#.#


You could see a vault guard.

Vanquished Creatures
  A boulder beetle (D:11)
  A vault guard (D:13)
  A two-headed ogre (D:11)
  An orc knight (D:11)
  An ugly thing (D:11)
  A cyclops (D:12)
  Joseph (D:9)
  2 gargoyles
  An unseen horror (D:11)
  A yaktaur (shapeshifter) (D:11)
  4 trolls
  A hornet (D:7)
  A meliai (shapeshifter) (D:11)
  4 slime creatures (D:8)
  A wraith (D:10)
  3 shadows
  13 yaks
  A basilisk (D:12)
  3 steam dragons
  A vampire mosquito (D:11)
  An acid dragon (D:12)
  An ice beast (D:6)
  9 orc warriors
  A sky beast (D:7)
  A black bear (D:5)
  10 centaurs
  4 ogres (D:12)
  6 kobold brigands
  A gnoll sergeant (D:4)
  4 bullfrogs
  2 scorpions
  10 wights
  40 killer bees
  A howler monkey (D:11)
  2 jellies
  10 orc priests
  3 gnoll boudas
  A hound (D:4)
  3 iguanas
  Natasha (twice) (D:2)
  15 orc wizards
  12 mummies
  19 gnolls
  3 adders
  5 shadow imps
  An ufetubus (D:5)
  2 worms
  2 dart slugs
  62 orcs
  5 ball pythons
  2 bats (D:1)
  7 endoplasms
  5 giant cockroaches
  2 goblins
  11 hobgoblins
  15 kobolds
  A quokka (D:4)
  A frilled lizard (D:3)
  2 gnoll skeletons (Ossuary)
  2 goblin skeletons (Ossuary)
  3 kobold skeletons (Ossuary)
  A kobold zombie (D:4)
  An orc skeleton (Ossuary)
  An orc zombie (D:4)
  3 rats
  11 rat skeletons (Ossuary)
349 creatures vanquished.

Vanquished Creatures (others)
  14 fungi
  6 plants
20 creatures vanquished.

Grand Total: 369 creatures vanquished

Notes
Turn   | Place    | Note
-------+----------+-------------------------------------------
     0 | D:1      | EvilAshe the Draconian Berserker began the quest for the
                  | Orb.
     0 | D:1      | Reached XP level 1. HP: 19/19 MP: 1/1
   495 | D:1      | Reached XP level 2. HP: 23/26 MP: 2/2
  1027 | D:1      | Found a faded altar of an unknown god.
  1469 | D:2      | Reached XP level 3. HP: 30/33 MP: 3/3
  1650 | D:2      | Noticed Natasha
  1667 | D:2      | Killed Natasha
  1668 | D:2      | Reached skill level 4 in Axes
  1694 | D:2      | Noticed Natasha
  1829 | D:2      | Killed Natasha
  1829 | D:2      | Reached ** piety under Trog
  1830 | D:2      | Reached XP level 4. HP: 35/40 MP: 4/4
  2221 | D:3      | Identified the +2 robe of Vutune {rF++ rC- Will+ rCorr}
  2375 | D:3      | Noticed a water moccasin
  2410 | D:4      | Reached skill level 5 in Axes
  2410 | D:4      | Reached XP level 5. HP: 44/47 MP: 5/5
  2460 | D:4      | Found a sand-covered staircase.
  2474 | Ossuary  | Entered an ossuary
  2933 | Ossuary  | Reached skill level 5 in Fighting
  2937 | Ossuary  | Reached *** piety under Trog
  2969 | Ossuary  | Reached XP level 6. HP: 38/56 MP: 6/6
  3597 | D:4      | Reached skill level 6 in Axes
  3991 | D:4      | Your scales start taking on a golden yellow colour.
  3991 | D:4      | Reached XP level 7. HP: 62/62 MP: 7/7
  3991 | D:4      | Gained mutation: You are resistant to acid. (rCorr) [Yellow
                  | Draconian growth]
  4436 | D:5      | Entered Level 5 of the Dungeon
  4445 | D:4      | Reached skill level 7 in Axes
  4820 | D:5      | Found a staircase to the Ecumenical Temple.
  5053 | D:5      | Reached skill level 8 in Axes
  5107 | D:5      | Reached XP level 8. HP: 44/71 MP: 8/8
  5330 | D:5      | Found a sacrificial altar of Ru.
  5768 | D:6      | Found an ornate altar of the Wu Jian Council.
  6205 | D:6      | Reached **** piety under Trog
  6574 | D:6      | Reached skill level 9 in Axes
  6791 | D:7      | Found a radiant altar of Vehumet.
  6892 | D:7      | Reached skill level 10 in Axes
  7022 | D:7      | Noticed a hornet
  7036 | D:7      | Killed a hornet
  7037 | D:7      | Reached XP level 9. HP: 18/82 MP: 9/9
  7822 | D:8      | Found Otimmof's Weapon Emporium.
  7926 | D:8      | Found a bloodstained altar of Trog.
  7945 | D:8      | Reached skill level 11 in Axes
  8963 | D:8      | Reached XP level 10. HP: 90/91 MP: 10/10
  9210 | D:9      | Reached skill level 12 in Axes
  9960 | D:9      | Reached skill level 10 in Fighting
  9986 | D:9      | Reached skill level 5 in Dodging
 10226 | D:10     | Entered Level 10 of the Dungeon
 10441 | D:9      | Noticed Joseph
 10450 | D:9      | Killed Joseph
 10464 | D:9      | Reached skill level 13 in Axes
 10534 | D:9      | Found a huge runed translucent gate.
 10535 | D:9      | Found a huge runed translucent gate.
 10536 | D:9      | Found a huge runed translucent gate.
 10537 | D:9      | Found a huge runed translucent gate.
 10537 | D:9      | Noticed a manticore
 10537 | D:9      | Noticed a manticore
 10538 | D:9      | Noticed a manticore
 10728 | D:10     | Noticed a gargoyle
 10749 | D:10     | Killed a gargoyle
 10880 | D:10     | Reached XP level 11. HP: 73/101 MP: 11/11
 10943 | D:10     | Identified the +8 rapier of Xasiat {vorpal, Int+4 Dex+3}
 11055 | D:10     | Identified the +3 whip of Kiduon {spect, Stlth+}
 11781 | D:11     | Identified a scroll of acquirement
 11781 | D:11     | Acquired a manual of Axes
 12038 | D:11     | Noticed a two-headed ogre
 12047 | D:11     | Noticed a boulder beetle
 12057 | D:11     | Killed a two-headed ogre
 12058 | D:11     | Reached skill level 14 in Axes
 12062 | D:11     | HP: 5/102 [shadow (7)]
 12191 | D:11     | Found a staircase to the Lair.
 12391 | D:11     | Noticed a green ugly thing
 12412 | D:11     | Killed a green ugly thing
 12413 | D:11     | Reached skill level 15 in Axes
 12518 | D:11     | Noticed an orc knight
 12553 | D:11     | Killed an orc knight
 12840 | D:11     | Found a staircase to the Orcish Mines.
 13034 | D:11     | Killed a boulder beetle
 13232 | D:11     | Identified the +0 pair of gloves "Ustor" {Int+4}
 13552 | D:12     | Found a portal to a secret trove of treasure.
 13693 | D:12     | Reached skill level 16 in Axes
 13921 | D:12     | Reached XP level 12. HP: 107/112 MP: 12/12
 14529 | D:13     | Found a gate to the Vaults.
 14529 | D:13     | Noticed a vault guard
 14529 | D:13     | Noticed a vault guard
 14529 | D:13     | Noticed a vault guard
 14529 | D:13     | Noticed a vault guard
 14529 | D:13     | Noticed a vault guard
 14529 | D:13     | Noticed a vault guard
 14529 | D:13     | Noticed a vault guard
 14562 | D:13     | Killed a vault guard
 14581 | D:12     | Mangled by a vault guard

Illustrated notes

Levels and vault maps discovered:
D:1:      eino_arrival_cavern_a, layout_basic,
          dilly_ecumenical_altar_fadedgnrine
D:2:      layout_rooms, uniq_natasha
D:3:      layout_loops_ring, old_standard_altar, corexii_shack,
          guppyfry_early_lair_pool
D:4:      cheibrodos_pilgrimage, layout_basic, nicolae_ossuary_entry_giza
D:5:      layout_basic, nicolae_ru_awakened_eye, minmay_temple_entry_large_hall
D:6:      kennysheep_steamy, layout_basic, mainiacjoe_overflow_surrounded_room
D:7:      layout_basic, nicolae_vehumet_altar_sigil
D:8:      kennysheep_spiral_hall, layout_loops_cross, trog_butcher_becter,
          serial_shops, nicolae_stop_n_shop_2
D:9:      lemuel_bear_cage, layout_loops_cross, uniq_joseph
D:10:     layout_grid_maze
D:11:     layout_gridville, lair_entry_dummy, david_orc_5, minmay_pinched_square
D:12:     kennysheep_seaside_town, layout_loops_cross,
          nicolae_trove_entry_isolated
D:13:     hellmonk_ruined_rings, layout_loops_cross, erik_vaults_2

Skill      XL: |  1  2  3  4  5  6  7  8  9 10 11 |
---------------+----------------------------------+-----
Fighting       | 4 5 6 8 9 10 12 | 12.1
Axes           | 4 5 6 8 10 11 13 16 | 16.4
Dodging        | 4 5 7 |  7.7

Action                   |  1- 3 |  4- 6 |  7- 9 | 10-12 || total
-------------------------+-------+-------+-------+-------++-------
Melee: Hand axe          |    91 |   236 |   175 |       ||   502
       Tailslap          |    10 |    32 |    26 |    79 ||   147
       Punch             |       |     1 |     4 |     6 ||    11
       War axe           |       |       |    73 |   428 ||   501
       Battleaxe         |       |       |       |   139 ||   139
Throw: Dart              |       |       |     6 |     3 ||     9
Invok: Berserk           |       |     4 |     6 |    14 ||    24
       Trog's Hand       |       |       |     5 |    14 ||    19
 Abil: Breathe Acid      |       |       |    18 |     8 ||    26
Evoke: Wand              |       |       |       |     2 ||     2
       Box of beasts     |       |       |       |     1 ||     1
  Use: Scroll            |       |     7 |     4 |    12 ||    23
 Stab: Sleeping          |       |     1 |       |     1 ||     2
Armor: Skin              |    19 |    54 |    94 |   236 ||   403
Dodge: Dodged            |    50 |   102 |   160 |   481 ||   793
